Map: Catalyst LE

Players

EGG

  • Race: Zerg Zerg
  • League: Grandmaster
  • Spawn Location: 11:00

Semper - Winner!

  • Race: Terran Terran
  • League: Master
  • Spawn Location: 5:00

VOD

Have the link to the VOD?

Description

Time

  • Played on: Feb. 2, 2018, 2:05 p.m.
  • Length: 12:11
Show
View Real Time Build Order
Export as new Build Order

EGG Zerg 

Build Orders: Hatch First 

Get SALT Encoding   

  12  0:01  Drone  
  13  0:12  Overlord  
  13  0:17  Drone  
  14  0:31  Drone x2  
  14  0:34  Drone  
  17  0:52  Hatchery  
  17  0:55  Drone  
  17  0:59  Drone  
  18  1:06  Extractor  
  17  1:13  Spawning Pool  
  17  1:16  Drone  
  17  1:20  Drone  
  18  1:29  Drone  
  19  1:39  Overlord  
  19  1:50  Drone  
  20  2:00  Queen  
  23  2:01  Zergling x2  
  23  2:04  Queen  
  23  2:05  Zergling x2  
  26  2:08  Metabolic Boost  
  26  2:12  Drone  
  26  2:15  Drone  
  28  2:22  Drone  
  29  2:26  Drone  
  30  2:34  Drone  
  30  2:35  Queen  
  32  2:40  Drone  
  32  2:44  Overlord  
  33  2:45  Queen  
  33  2:49  Drone  
  35  3:05  Hatchery  
  35  3:07  Drone x3  
  37  3:16  Overlord  
  37  3:17  Drone x2  
  37  3:18  Drone  
  40  3:32  Queen  
  40  3:33  Evolution Chamber  
  41  3:34  Baneling Nest  
  41  3:39  Drone x3  
  41  3:40  Drone  
  44  3:53  Drone x2  
  46  3:56  Drone x2  
  46  3:57  Extractor, Drone x2  
  49  4:03  Drone  
  49  4:04  Zergling x4  
  52  4:14  Overlord  
  52  4:23  Spore Crawler  
  51  4:25  Spore Crawler x2  
  51  4:28  Drone  
  51  4:29  Overlord  
  50  4:31  Spore Crawler  
  50  4:32  Queen  
  50  4:34  Zergling x6  
  50  4:35  Zergling x6  
  50  4:36  Baneling  
  57  4:48  Zergling x12  
  62  4:52  Zerg Melee Weapons Level 1  
  62  4:53  Drone x2  
  62  4:55  Drone  
  62  4:56  Drone  
  62  4:59  Pneumatized Carapace  
  66  5:01  Overlord  
  66  5:17  Evolution Chamber, Extractor  
  59  5:28  Drone  
  59  5:29  Drone x7  
  65  5:39  Overlord x2  
  65  5:42  Lair  
  63  5:44  Extractor  
  63  5:47  Drone x3  
  65  5:53  Overlord  
  65  6:07  Drone x3  
  65  6:08  Drone  
  65  6:09  Drone x2  
  71  6:14  Hatchery  
  71  6:15  Drone  
  71  6:16  Drone x2  
  73  6:18  Zerg Ground Armor Level 1  
  73  6:20  Zergling x10  
  78  6:31  Baneling x3  
  78  6:32  Baneling x2  
  78  6:36  Hatchery  
  77  6:46  Drone x5  
  82  6:47  Centrifical Hooks  
  82  6:48  Zerg Melee Weapons Level 2  
  82  6:50  Hydralisk Den  
  82  6:52  Overlord x2  
  78  6:54  Overlord x2  
  78  7:05  Overlord x2  
  78  7:07  Baneling x8  
  78  7:17  Queen  
  78  7:18  Hydralisk  
  78  7:19  Hydralisk x2, Spore Crawler  
  86  7:22  Drone  
  86  7:23  Drone x8  
  86  7:24  Extractor x2  
  92  7:38  Hydralisk x3  
  92  7:39  Hydralisk  
  100  7:49  Queen  
  100  7:50  Drone  
  100  7:51  Drone x8  
  111  7:58  Zergling x10  
  108  8:08  Drone x5  
  108  8:11  Infestation Pit  
  110  8:14  Hydralisk x4  
  118  8:31  Baneling x3  
  118  8:32  Baneling x4  
  116  8:34  Zergling x18  
  116  8:35  Zergling x8  
  124  8:49  Hydralisk x8  
  140  8:57  Baneling x5  
  140  9:04  Hive  
  140  9:06  Zergling x2  
  141  9:10  Overlord x3  
  141  9:15  Overlord x3  
  141  9:18  Baneling x10  
  141  9:40  Zergling x6  
  141  9:41  Zergling x22  
  153  9:47  Hatchery  
  146  9:56  Infestor, Hydralisk  
  140  10:03  Overseer  
  140  10:06  Queen  
  139  10:15  Zergling x12  
  139  10:16  Zergling x16  
  149  10:21  Hatchery  
  149  10:23  Baneling x5  
  149  10:24  Baneling x5  
  149  10:27  Zergling x2  
  149  10:28  Zergling x4  
  151  10:40  Ultralisk Cavern  
  150  10:56  Overlord x2  
  150  11:03  Baneling x4  
  150  11:04  Baneling x6  
  150  11:09  Zergling x2  
  150  11:10  Zergling x16  
  147  11:26  Zergling x12  
  147  11:27  Zergling x12  
  129  11:37  Zergling x2  
  129  11:38  Zergling x14  
Show
View Real Time Build Order
Export as new Build Order

Semper Terran - Winner!

Build Orders: Gas First Reaper Expand, Reaper Expand, Bio Tank, Hellion Banshee 

Get SALT Encoding   

  12  0:00  SCV  
  13  0:12  SCV  
  14  0:17  Supply Depot  
  14  0:24  SCV  
  14  0:27  Refinery  
  15  0:39  SCV  
  16  0:45  Barracks  
  16  0:51  SCV  
  17  1:03  SCV  
  18  1:15  SCV  
  19  1:31  Orbital Command  
  19  1:32  Reaper  
  20  1:44  Command Center  
  20  1:57  SCV  
  20  1:58  Factory  
  21  2:05  Barracks Reactor  
  21  2:09  SCV  
  21  2:14  Supply Depot  
  22  2:18  Refinery  
  22  2:21  SCV  
  23  2:35  SCV  
  24  2:47  Starport  
  24  2:49  SCV  
  25  2:52  Hellion  
  25  2:53  Hellion  
  29  2:58  Orbital Command  
  29  3:04  SCV  
  30  3:06  Barracks Tech Lab  
  30  3:16  SCV  
  30  3:17  Hellion x2  
  35  3:27  SCV  
  35  3:28  SCV  
  35  3:32  Viking  
  39  3:39  SCV  
  39  3:40  SCV  
  43  3:41  Hellion x2  
  43  3:46  Supply Depot  
  45  3:52  SCV, Supply Depot  
  46  3:56  Cloaking Field  
  46  4:04  Barracks Tech Lab  
  46  4:07  Banshee  
  46  4:08  SCV x2  
  51  4:13  Supply Depot  
  51  4:15  Hellion  
  53  4:20  SCV x2  
  53  4:22  Supply Depot  
  53  4:24  Marine  
  56  4:31  Stimpack  
  56  4:32  SCV  
  56  4:33  SCV  
  56  4:35  Supply Depot  
  58  4:44  SCV  
  59  4:50  SCV  
  59  4:52  Marine  
  59  4:54  Command Center  
  59  4:56  SCV  
  60  5:04  Factory Reactor  
  60  5:07  Banshee  
  60  5:08  Barracks  
  60  5:09  SCV  
  60  5:10  SCV, Barracks  
  65  5:21  Marine  
  62  5:31  SCV  
  62  5:34  Engineering Bay x2  
  60  5:36  SCV  
  60  5:37  Refinery  
  60  5:38  Marine  
  60  5:39  Refinery  
  62  5:43  SCV  
  62  5:48  SCV  
  64  5:55  SCV  
  64  5:56  Barracks  
  65  5:58  Barracks  
  65  6:00  SCV, Starport Reactor  
  65  6:01  Marine  
  65  6:03  Siege Tank  
  70  6:06  Orbital Command  
  70  6:07  SCV  
  71  6:12  Marine x3  
  71  6:14  SCV  
  71  6:15  Terran Infantry Weapons Level 1, Terran Infantry Armor Level 1  
  75  6:19  SCV  
  75  6:22  Marine x2  
  78  6:26  SCV  
  78  6:29  Marine x2  
  78  6:31  SCV  
  78  6:32  Orbital Command  
  82  6:35  Siege Tank  
  82  6:39  Marine  
  86  6:40  Medivac x2, Marine  
  86  6:41  Combat Shields  
  86  6:45  SCV x2  
  91  6:55  Marine  
  91  6:56  Marine  
  91  6:57  SCV x2  
  94  7:02  SCV  
  94  7:05  Supply Depot  
  94  7:06  Marine, Barracks Reactor x2, Supply Depot  
  94  7:07  Siege Tank, Supply Depot  
  97  7:09  SCV x2  
  97  7:12  Marine x2  
  101  7:27  Medivac x2, Marine x3, SCV x3  
  101  7:29  Marine, Supply Depot  
  111  7:30  Marine, Supply Depot  
  111  7:31  Refinery  
  111  7:33  Armory  
  111  7:35  Refinery  
  113  7:39  SCV x2  
  113  7:44  Siege Tank  
  118  7:45  Marine x3  
  118  7:47  Marine x4  
  125  7:53  Marine  
  125  7:54  Marine  
  125  7:57  Supply Depot  
  127  7:58  Factory  
  127  8:00  Supply Depot  
  127  8:02  Marine  
  127  8:03  Marine  
  125  8:09  Medivac x2  
  125  8:11  Marine x6  
  129  8:18  Marine  
  130  8:20  Siege Tank, Marine  
  130  8:21  Marine  
  135  8:29  Marine x4  
  135  8:32  Marine  
  140  8:37  SCV  
  140  8:38  Marine x3  
  140  8:39  Medivac, Marine  
  147  8:42  Factory Tech Lab  
  147  8:46  Marine  
  147  8:47  Marine x3  
  151  8:50  Marine  
  151  8:52  Siege Tank  
  151  8:55  Supply Depot, Barracks x2  
  155  8:56  Marine x2, Supply Depot  
  155  8:57  Terran Infantry Weapons Level 2, Barracks  
  155  9:01  Terran Infantry Armor Level 2  
  157  9:05  Supply Depot  
  157  9:16  Medivac, Marine x5  
  164  9:20  Siege Tank  
  164  9:22  Terran Vehicle Weapons Level 1  
  164  9:24  Marine x4  
  167  9:26  Supply Depot  
  167  9:28  Medivac  
  173  9:34  Marine x2  
  173  9:36  Marine  
  176  9:44  Siege Tank  
  179  9:49  Marine x5  
  179  9:50  Marauder  
  187  9:57  Marine x2  
  179  10:01  Barracks Tech Lab  
  179  10:02  Barracks Tech Lab x2  
  179  10:06  Siege Tank  
  179  10:09  Marine, Command Center  
  179  10:11  Marauder  
  182  10:22  Marine, Marauder  
  182  10:28  Marine  
  182  10:29  Medivac x2, Marauder  
  189  10:36  Supply Depot  
  189  10:37  Concussive Shells, Supply Depot  
  189  10:39  Marine  
  189  10:41  Marine  
  189  10:58  Marine, Marauder x3, Supply Depot, Starport  
  189  10:59  Marine, Marauder  
  198  11:17  Marine  
  198  11:18  Siege Tank, Marine  
  187  11:20  Marauder x3  
  193  11:26  Marine  
  193  11:31  Marine  
  193  11:32  Marine x2, Marauder  
  167  11:34  Siege Tank  
  167  11:35  Marine  
  167  11:39  Marine x3  
  156  11:40  Marine x2  
  156  11:41  Marauder  
  156  11:44  Marine  
  157  11:49  Marine x2  
Tags
 
Add a new tag
Caveats
  • Supply blocks, unpowered buildings, or Contaminate may cause inaccurate times.
  • Supply counts are checked every 10 seconds.